 Dungeon Crawl Stone Soup version 0.28.0-49-g6dfe1f597d (webtiles) character file.

Game seed: 2004843276700985836

264 issech the Cudgeller (level 5, 0/53 HPs)
             Began as a Troll Monk on May 11, 2022.
             Slain by an ogre
             ... wielding a +0 giant club
              (13 damage)
             ... on level 3 of the Dungeon.
             The game lasted 00:06:44 (2217 turns).

issech the Cudgeller (Troll Monk)                   Turns: 2217, Time: 00:06:45

Health: 0/53       AC:  4    Str: 19    XL:     5   Next: 98%
Magic:  4/4        EV: 14    Int:  6    God:
Gold:   193        SH:  0    Dex: 14    Spells: 4/4 levels left

rFire   . . .      SeeInvis .   t - +0 flail (protect)
rCold   + . .      Faith    .   (no shield)
rNeg    . . .      Spirit   .   b - +0 robe
rPois   .          Reflect  .   (helmet restricted)
rElec   .          Harm     .   (no cloak)
rCorr   .          Rampage  .   (gloves unavailable)
Will    .....                   (boots unavailable)
Stlth   ++........              (no amulet)
HPRegen 0.97/turn               h - +4 ring of evasion
MPRegen 0.09/turn               n - ring of protection from cold

@: no status effects
A: large, unfitting armour, claws 3, regeneration 1, shaggy fur 1, tough skin 1
a: no special abilities


You were on level 3 of the Dungeon.
You visited 1 branch of the dungeon, and saw 4 of its levels.

You collected 193 gold pieces.

Inventory:

Hand Weapons
 t - a +0 flail of protection (weapon)
 u - a +3 short sword
Missiles
 d - 56 stones (quivered)
 i - 39 arrows
 k - 15 sling bullets
 m - 2 throwing nets
Armour
 b - a +0 robe (worn)
Jewellery
 h - a +4 ring of evasion (left claw)
 n - a ring of protection from cold (right claw)
Wands
 p - a wand of acid (13)
Scrolls
 a - a scroll of vulnerability {unknown}
 c - a scroll of noise
 e - 2 scrolls of teleportation
 f - a scroll of silence
 o - a scroll of fear
 q - a scroll of holy word {unknown}
 s - a scroll of enchant armour {unknown}
Potions
 g - a potion of heal wounds {unknown}
 j - a potion of mutation {unknown}
 l - a potion of degeneration {unknown}


   Skills:
 + Level 3.3 Fighting
 + Level 4.8 Maces & Flails
 + Level 3.1 Dodging
 + Level 1.4 Stealth


You had 4 spell levels left.
You didn't know any spells.
Your spell library was empty.

Dungeon Overview and Level Annotations

Branches:
Dungeon (4/15)
 Temple: D:4-7

Altars:


Innate Abilities, Weirdness & Mutations

You are too large for most types of armour.
You have claws for hands.
Your natural rate of healing is unusually fast.
You are covered in fur. (AC +1)
You have tough skin. (AC +1)


Message History

The scorpion is severely wounded.
You feel sick.
The scorpion stings you but does no damage.
You sock the scorpion!
You kill the scorpion!
You feel sick.
You feel sick.
You feel sick.
There is a stone staircase leading down, spattered with blood here.
You start resting.
You feel sick.
You are no longer poisoned.
You start resting.
HP restored.
You start waiting.
Done waiting.
You climb downwards.
The gnoll hits you with a +0 club.
There is a stone staircase leading up here.
The gnoll barely misses you.
You climb upwards.
There is a stone staircase leading down, spattered with blood here.
You sock the gnoll!
Your weapon exudes an aura of protection.
You kill the gnoll!
There is a stone staircase leading down, spattered with blood here.
You see here a +0 club.
There is a stone staircase leading down, spattered with blood here.
You see here a +0 club.
You climb downwards.
The gnoll closely misses you.
The ogre hits you with a +0 giant club!!
The gnoll hits you with a +0 whip.
There is a stone staircase leading up, spattered with blood here.
The gnoll hits you from afar with a +0 halberd!
* * * LOW HITPOINT WARNING * * *
The ogre closely misses you. The gnoll hits you with a +0 whip.
* * * LOW HITPOINT WARNING * * *
You climb upwards.
There is a stone staircase leading down, spattered with blood here.
You see here a +0 club.
The ogre hits you with a +0 giant club!
You die...

#..............#.#..#.###
#..............#.#..#.#
#..............#.#..#.###
#..............#.#..#....
#..............#.#..#####
#..............#.#..##...
#..............#.#..##...
#.....>O.........#..##...
#......g@........#####...
#..............#.........
#..............#..######.
#..............##.# #.
#################.## #.
#############..# #.
#..............## #.
#...............# #.
##########...............#
#.


You could see an ogre and a gnoll.

Vanquished Creatures
  A scorpion (D:3)
  An orc wizard (D:3)
  3 adders (D:2)
  8 gnolls
  3 worms (D:2)
  A dart slug (D:3)
  9 orcs
  6 endoplasms
  3 giant cockroaches
  2 goblins
  3 hobgoblins
  3 quokkas
  4 ball pythons
  5 bats
  A frilled lizard (D:2)
  6 kobolds
  6 rats
65 creatures vanquished.

Notes
Turn   | Place    | Note
-------+----------+-------------------------------------------
     0 | D:1      | issech the Troll Monk began the quest for the Orb.
     0 | D:1      | Reached XP level 1. HP: 22/22 MP: 0/0
   122 | D:1      | Reached XP level 2. HP: 29/29 MP: 1/1
   348 | D:1      | You fall into a shaft and drop 1 floor!
   444 | D:2      | Reached skill level 3 in Maces & Flails
   574 | D:2      | Reached XP level 3. HP: 36/36 MP: 2/2
   669 | D:1      | Reached XP level 4. HP: 40/45 MP: 3/3
  1404 | D:3      | Reached skill level 4 in Maces & Flails
  1540 | D:3      | Reached XP level 5. HP: 43/53 MP: 4/4
  2040 | D:4      | Noticed an ogre
  2217 | D:3      | Slain by an ogre

Illustrated notes

Levels and vault maps discovered:
D:1:      heliophobic_arrival_henge, layout_rooms, minmay_misc_feat_roman
D:2:      layout_basic, grunt_ministairs_14, eino_curves_01,
          kennysheep_generic_room_3
D:3:      layout_basic
D:4:      layout_basic, grunt_ministairs_2, serial_park_tiny_1

Skill      XL: |  1  2  3  4 |
---------------+-------------+-----
Maces & Flails | 3 4 |  4.8
Fighting       | 3 |  3.3
Dodging        | 3 |  3.1
Stealth        | |  1.4

Action                   |  1- 3 |  4- 6 || total
-------------------------+-------+-------++-------
Melee: Mace              |    98 |    71 ||   169
       Punch             |     1 |     1 ||     2
       Flail             |       |    54 ||    54
  Use: Scroll            |       |     4 ||     4
 Stab: Sleeping          |     1 |     3 ||     4
       Distracted        |       |     1 ||     1
Armor: Robe              |    18 |    20 ||    38
Dodge: Dodged            |    82 |    80 ||   162
